 Dungeon Crawl Stone Soup version 0.28.0-53-g5a82cb258f (webtiles) character file.

Game seed: 16195687783498115390

92824 Qrupt the Unseen (level 16, -21/113 HPs)
             Began as an Octopode Venom Mage on July 24, 2022.
             Was a High Priest of Vehumet.
             Demolished by a nagaraja
             ... wielding a +2 flail of holy wrath
              (34 damage)
             ... on level 2 of the Lair of Beasts.
             The game lasted 02:01:27 (39452 turns).

Qrupt the Unseen (Octopode Venom Mage)             Turns: 39452, Time: 02:01:28

Health: -21/113    AC:  6    Str: 16    XL:     16   Next: 7%
Magic:  11/31      EV: 21    Int: 34    God:    Vehumet [*****.]
Gold:   1761       SH:  5    Dex: 13    Spells: 9/38 levels left

rFire   + + +      SeeInvis +   k - +5 whip (protect)
rCold   + . .      Faith    .   K - +0 buckler "Tuenyx" {rPois rC+}
rNeg    + . .      Spirit   .   Z - +1 hat of Words of Power {rF+ Dex+5}
rPois   +          Reflect  .   V - amulet of the Omega Point {Regen+ SInv}
rElec   +          Harm     .   s - ring of poison resistance
rCorr   .          Rampage  .   a - +4 ring of evasion
Will    +....                   w - +4 ring of evasion
Stlth   +++++++...              H - ring of protection from fire
HPRegen 1.08/turn               N - +6 ring of strength
MPRegen 0.22/turn               X - +4 ring of protection
                                U - ring "Natir" {rF++ Int+8 Dex-3 SInv}
                                S - ring "Xenal" {Drain rElec rN+ Int+4 SInv}

@: constricted
A: almost no armour, amphibious, 8 rings, camouflage 1, gelatinous body 1,
(nimble swimmer 1), tentacles, clumsy 1
a: Renounce Religion


You were on level 2 of the Lair of Beasts.
You worshipped Vehumet.
Vehumet was extremely pleased with you.
You visited 6 branches of the dungeon, and saw 25 of its levels.
You also visited: Gauntlet.

You collected 2831 gold pieces.
You spent 1070 gold pieces at shops.

Inventory:

Hand Weapons
 k - a +5 whip of protection (weapon)
Armour
 K - the +0 buckler "Tuenyx" (worn) {rPois rC+}
   (You acquired it on level 9 of the Dungeon)

   rC:        It protects you from cold.
   rPois:     It protects you from poison.
 Z - the +1 hat of Words of Power (worn) {rF+ Dex+5}
   (You found it in a Gauntlet)

   Dex:       It affects your dexterity (+5).
   rF:        It protects you from fire.
Magical Staves
 e - a staff of air
 m - a staff of death
 p - a staff of cold
Jewellery
 a - a +4 ring of evasion (right tentacle)
 s - a ring of poison resistance (left tentacle)
 w - a +4 ring of evasion (on tentacle)
 H - a ring of protection from fire (on tentacle)
 N - a +6 ring of strength (on tentacle)
 Q - a ring of protection from fire
 S - the ring "Xenal" (on tentacle) {Drain rElec rN+ Int+4 SInv}
   (You acquired it on level 5 of the Lair of Beasts)

   [ring of see invisible]

   Int:       It affects your intelligence (+4).
   rElec:     It insulates you from electricity.
   rN:        It protects you from negative energy.
   SInv:      It lets you see invisible.
   Drain:     It drains your maximum health when unequipped.
 U - the ring "Natir" (on tentacle) {rF++ Int+8 Dex-3 SInv}
   (You found it in a Gauntlet)

   [ring of see invisible]

   Int:       It affects your intelligence (+8).
   Dex:       It affects your dexterity (-3).
   rF:        It greatly protects you from fire.
   SInv:      It lets you see invisible.
 V - the amulet of the Omega Point (around mantle) {Regen+ SInv}
   (You found it on level 6 of the Lair of Beasts)

   [amulet of regeneration]

   SInv:      It lets you see invisible.
   Regen:     It increases your rate of health regeneration.
 X - a +4 ring of protection (on tentacle)
 Y - a ring of ice
Wands
 u - a wand of flame (108)
 B - a wand of iceblast (16)
 G - a wand of paralysis (16)
 I - a wand of acid (2)
 J - a wand of polymorph (3)
Scrolls
 c - 4 scrolls of silence
 d - a scroll of summoning
 h - 5 scrolls of immolation
 o - 5 scrolls of identify
 q - 2 scrolls of amnesia
 x - 6 scrolls of teleportation
 y - 3 scrolls of brand weapon
 z - 3 scrolls of fog
 C - 2 scrolls of holy word
 D - 4 scrolls of enchant weapon
 O - 4 scrolls of enchant armour
 P - 7 scrolls of magic mapping
Potions
 b - 6 potions of curing
 f - 7 potions of lignification
 i - 5 potions of brilliance
 j - 2 potions of haste {unknown}
 l - 4 potions of resistance
 n - 3 potions of flight
 t - 4 potions of mutation
 A - 4 potions of magic {unknown}
 E - a potion of invisibility {unknown}
 F - a potion of berserk rage {unknown}
 M - a potion of attraction {unknown}
 R - 2 potions of degeneration {unknown}
 W - a potion of might {unknown}
Miscellaneous
 L - a lightning rod (4/4)


   Skills:
 + Level 11.5 Fighting
 + Level 8.0 Dodging
 - Level 15.8 Stealth
 - Level 5.0 Shields
 + Level 11.6 Spellcasting
 + Level 6.2 Conjurations
 - Level 11.2 Summonings
 - Level 4.7 Transmutations
 + Level 1.6 Fire Magic
 - Level 6.0 Ice Magic
 + Level 6.0 Air Magic
 - Level 10.7 Poison Magic


You had 9 spell levels left.
You knew the following spells:

 Your Spells              Type           Power      Damage    Failure   Level
a - Sting                 Tmut/Pois      100%       1d8       1%          1
b - Mephitic Cloud        Conj/Pois/Air  64%        N/A       1%          3
c - Spider Form           Tmut/Pois      64%        N/A       1%          3
d - Summon Ice Beast      Ice/Summ       67%        N/A       1%          4
e - Swiftness             Air            57%        N/A       1%          3
f - Lightning Bolt        Conj/Air       28%        1d45      1%          5
g - Summon Mana Viper     Hex/Summ       55%        N/A       8%          5
h - Fireball              Conj/Fire      23%        3d11      4%          5

Your spell library contained the following spells:

 Spells                   Type           Power      Damage    Failure   Level
 Foxfire                  Conj/Fire      100%       2x1d9     1%          1
 Sandblast                Erth           38%        2d10      1%          1
 Shock                    Conj/Air       100%       1d9       1%          1
 Summon Small Mammal      Summ           100%       N/A       1%          1
 Ensorcelled Hibernation  Hex/Ice        80%        N/A       1%          2
 Passwall                 Tmut/Erth      30%        N/A       1%          2
 Poisonous Vapours        Pois/Air       100%       N/A       1%          2
 Call Canine Familiar     Summ           77%        N/A       1%          3
 Conjure Flame            Conj/Fire      46%        6-21      1%          3
 Inner Flame              Hex/Fire       25%        N/A       1%          3
 Ozocubu's Armour         Ice            57%        N/A       1%          3
 Stone Arrow              Conj/Erth      82%        3d12      1%          3
 Summon Guardian Golem    Hex/Summ       55%        N/A       1%          3
 Airstrike                Air            28%        N/A       1%          4
 Flame Wave               Conj/Fire      46%        2d10      1%          4
 Olgreb's Toxic Radiance  Pois           75%        N/A       1%          4
 Slow                     Hex            76%        N/A       2%          1
 Confusing Touch          Hex            19%        N/A       9%          3
 Vampiric Draining        Necr           19%        2d7       9%          3
 Spellforged Servitor     Conj/Summ      34%        N/A       17%         7
 Metabolic Englaciation   Hex/Ice        20%        N/A       22%         5
 Monstrous Menagerie      Summ           38%        N/A       24%         7
 Anguish                  Hex/Necr       9%         N/A       28%         4
 Simulacrum               Ice/Necr       20%        N/A       77%         6


Dungeon Overview and Level Annotations

Branches:
Dungeon (14/15)            Temple (1/1) D:5            Lair (6/6) D:9
 Shoals (0/4) Lair:4        Snake (1/4) Lair:2        Slime (0/5) Lair:5
    Orc (2/2) D:12            Elf (1/3) Orc:2        Vaults (0/5) D:13
Gauntlet (visited)

Altars:
Ashenzari
Cheibriados
Dithmenos
Elyvilon
Fedhas
Gozag
Hepliaklqana
Kikubaaqudgha
Makhleb
Nemelex Xobeh
Okawaru
Qazlal
Ru
Sif Muna
Trog
Uskayaw
Vehumet
Wu Jian
Xom
Yredelemnul
Zin
The Shining One
Beogh
Jiyva
Lugonu

Shops:
D:9 !*:   D:12 !   Orc:2 *(*:

Annotations:
D:9 1 transporter
Lair:2 2 transporters, exclusion: oklob plant, oldnick's ghost, journeyman DsAK
Lair:3 2 runed translucent doors, Ethylacetat's ghost, journeyman NaIE


Innate Abilities, Weirdness & Mutations

You cannot wear most types of armour.
You are amphibious.
You can wear up to eight rings at the same time.
Your skin changes colour to match your surroundings (Stealth+).
Your rubbery body absorbs attacks. (AC +1, EV +1)
((You are camouflaged when in or above water. (Stealth+)))
You have tentacles for arms and can constrict up to eight enemies at once.
You are clumsy. (Dex -2)


Message History

The nagaraja completely misses you. The nagaraja grabs you.
The nagaraja constricts you.
Your ice beast hits the nagaraja.
Your ice beast freezes the nagaraja!!
Unknown command.
You hit the nagaraja but do no damage.
Your weapon exudes an aura of protection.
The nagaraja is heavily wounded.
Your mana viper bites the nagaraja but does no damage.
The nagaraja spits poison at you.
The splash of poison hits you but does no damage.
You resist. The nagaraja constricts you!
Your ice beast barely misses the nagaraja.
Casting: Summon Mana Viper (dangerous; 8% risk of failure)
Confirm with . or Enter, or press ? or * to list all spells.
Aiming: Sting (safe; 1% risk of failure)
Press: ? - help, Shift-Dir - straight line, f - nagaraja
Aim: a nagaraja, wielding a +2 flail of holy wrath and wearing a +0 robe (heavily wounded, constricting you, strong, catching its breath, ally target, 78% to hit)
The sting hits the nagaraja but does no damage.
The nagaraja is poisoned.
The nagaraja is heavily wounded.
Your mana viper barely misses the nagaraja.
The nagaraja hits you with a +2 flail of holy wrath!!!
* * * LOW HITPOINT WARNING * * *
The nagaraja constricts you.
* * * LOW HITPOINT WARNING * * *
Your ice beast hits the nagaraja.
Your ice beast freezes the nagaraja!
Your mana viper barely misses the nagaraja.
The nagaraja's grasp on you weakens, but your attempt to escape fails.
The nagaraja gestures at you while chanting.
The bolt of poison hits you! You resist.
* * * LOW HITPOINT WARNING * * *
The nagaraja constricts you.
* * * LOW HITPOINT WARNING * * *
Your mana viper bites the nagaraja!
The nagaraja's magic leaks into the air.
Your ice beast barely misses the nagaraja.
You feel better.
Your mana viper bites the nagaraja.
The nagaraja's magic leaks into the air.
The nagaraja hits you with a +2 flail of holy wrath!!
You die...

#.###...# ###.........#.#.###....
........###≈.P.......#.#### ##...
.....#......≈≈≈≈≈≈...### ##..
.......P###P≈≈≈≈≈≈≈P.## ##..
.....#.###.≈≈≈...)≈≈.P# #...
.....#.##≈≈≈≈≈.≈..≈≈≈P# #...
##.#.#..##≈≈.....P.≈≈## ##P..
.......#..≈≈≈.S>...≈≈≈#######....
..........≈≈.≈PN@..≈≈............
..........≈≈≈...Y.≈≈≈............
...###.P.#.≈≈≈...≈≈≈.............
..## ###..#.≈≈≈≈≈≈≈P.............
..# #####.≈≈≈≈≈≈.....#........
..# ##.................... ..#
#.................... ..#######
##...................
..#.##.P#####....................


You could see a nagaraja (strong, poisoned, catching breath, ally target, magic
disrupted), a friendly mana viper (summoned) and a friendly ice beast
(summoned).

Vanquished Creatures
  Rupert (Orc:2)
  An ironbound preserver (D:13)
  Fannar (Lair:3)
  5 hydras
  5 boulder beetles
  A ghost crab (Gauntlet)
  A tengu warrior (D:13)
  A centaur warrior (D:14)
  A catoblepas (Lair:3)
  2 orc high priests
  5 two-headed ogres
  Urug (D:9)
  2 deep elf knights (Elf:1)
  A wizard (Gauntlet)
  2 orc knights (Orc:2)
  3 deep elf pyromancers
  A wolf spider (D:11)
  3 orc sorcerers
  An ugly thing (D:13)
  4 manticores
  Maurice (D:8)
  4 cyclopes
  5 elephants
  A black mamba (Lair:5)
  A merfolk siren (Lair:4)
  A molten gargoyle (Orc:1)
  Maggie (Lair:1)
  3 cane toads
  A kobold demonologist (D:9)
  A rime drake (D:9)
  An unseen horror (D:11)
  6 komodo dragons
  3 polar bears (Lair:6)
  A queen bee (Gauntlet)
  4 trolls
  Prince Ribbit (D:5)
  4 hornets (Lair:6)
  5 blink frogs
  4 dream sheep (Lair:4)
  A slime creature (D:13)
  7 spriggans (Lair:6)
  5 wraiths
  16 yaks
  2 wyverns
  2 basilisks (Lair:6)
  2 steam dragons
  Menkaure (D:4)
  2 wargs
  14 water moccasins
  An ice beast (D:8)
  3 black bears
  20 orc warriors
  3 sky beasts
  A necrophage (D:6)
  5 boggarts (Lair:6)
  16 wolves
  2 ogres (Orc:2)
  9 centaurs
  4 kobold brigands
  A nameless horror (Orc:1)
  5 bullfrogs
  A water moccasin zombie (D:6)
  3 scorpions
  2 water moccasin skeletons
  7 killer bees
  3 wights (D:8)
  3 electric eels (D:8)
  6 howler monkeys
  2 centaur zombies
  5 hounds
  2 jellies
  17 orc priests
  A bullfrog skeleton (D:6)
  A gnoll shaman (D:8)
  An iguana (D:5)
  16 orc wizards
  Natasha (thrice) (D:4)
  4 hell rats
  A hound skeleton (D:5)
  A howler monkey skeleton (D:3)
  2 howler monkey zombies
  8 gnolls
  5 adders
  3 shadow imps
  3 white imps
  An ufetubus (D:6)
  2 adder skeletons (D:2)
  An adder zombie (D:2)
  A worm (D:4)
  4 dart slugs
  65 orcs
  5 ball pythons
  A bat skeleton (D:2)
  A bat zombie (D:2)
  9 endoplasms
  3 giant cockroaches (D:2)
  9 goblins
  9 hobgoblins
  4 quokkas
  6 ball python skeletons (D:2)
  4 ball python zombies (D:2)
  5 bats
  3 frilled lizards
  32 kobolds
  5 rats
482 creatures vanquished.

Vanquished Creatures (collateral kills)
  A deep elf sorcerer (Elf:1)
  2 orc warlords
  A minotaur (Gauntlet)
  Josephine (Orc:2)
  2 boulder beetles
  2 catoblepae
  6 hydras
  A centaur warrior (D:14)
  A hell beast (Gauntlet)
  A ghost crab (Gauntlet)
  3 anacondas
  A two-headed ogre (D:13)
  2 orc high priests (Orc:2)
  5 orc knights
  3 deep elf zephyrmancers (Elf:1)
  A lindwurm (Lair:5)
  3 deep elf pyromancers
  A harpy (shapeshifter) (D:14)
  3 ugly things
  A cyclops (D:13)
  2 manticores
  An orc sorcerer (Orc:2)
  2 black mambas
  4 elephants
  2 merfolk sirens (Lair:4)
  4 gargoyles
  8 cane toads
  5 komodo dragons
  An unseen horror (D:13)
  A merfolk (Lair:4)
  2 trolls
  A hornet (Lair:6)
  2 blink frogs (Lair:4)
  3 dream sheep
  A centaur simulacrum (D:14)
  4 spriggans (Lair:6)
  4 wraiths
  18 yaks
  A steam dragon (Lair:5)
  3 basilisks
  A fire elemental (Elf:1)
  4 nagas
  2 acid dragons
  2 water moccasins
  11 orc warriors
  2 black bears (Lair:6)
  3 ogres
  18 wolves
  2 centaurs (D:13)
  2 bullfrogs
  2 killer bees (Gauntlet)
  A wight (D:8)
  A nameless horror (D:12)
  9 jellies (Lair:2)
  8 orc priests
  7 orc wizards
  3 hell rats (Lair:5)
  8 orcs
  7 endoplasms (Lair:2)
203 creatures vanquished.

Vanquished Creatures (others)
  A wolf (Lair:6)
  A killer bee (D:8)
  A kobold (D:9)
  A bush (Lair:3)
  49 fungi
  89 plants
  2 withered plants (D:2)
144 creatures vanquished.

Grand Total: 829 creatures vanquished

Notes
Turn   | Place    | Note
-------+----------+-------------------------------------------
     0 | D:1      | Qrupt the Octopode Venom Mage began the quest for the Orb.
     0 | D:1      | Reached XP level 1. HP: 11/11 MP: 3/3
   331 | D:1      | Reached XP level 2. HP: 17/17 MP: 1/5
   357 | D:1      | Reached skill level 3 in Stealth
  1117 | D:1      | Reached XP level 3. HP: 21/21 MP: 4/6
  1272 | D:1      | Found a faded altar of an unknown god.
  1869 | D:2      | Reached XP level 4. HP: 19/27 MP: 3/7
  2015 | D:2      | Learned a level 3 spell: Mephitic Cloud
  2284 | D:2      | Identified the +2 ring mail of Fortitude {rN+ Str+3}
  2430 | D:2      | Reached XP level 5. HP: 17/31 MP: 5/8
  3152 | D:3      | Reached skill level 4 in Stealth
  3152 | D:3      | Reached skill level 1 in Air Magic
  3239 | D:3      | Found an ornate altar of the Wu Jian Council.
  3455 | D:3      | Reached skill level 1 in Conjurations
  3920 | D:4      | Reached XP level 6. HP: 13/36 MP: 7/10
  4350 | D:4      | Found a shadowy altar of Dithmenos.
  4376 | D:4      | Noticed Natasha
  4391 | D:4      | Killed Natasha
  4621 | D:4      | Noticed Natasha
  4631 | D:4      | Killed Natasha
  4809 | D:4      | Found an opulent altar of Gozag.
  4809 | D:4      | Noticed Menkaure
  4827 | D:4      | Reached XP level 7. HP: 37/41 MP: 8/11
  4884 | D:4      | Killed Menkaure
  4885 | D:4      | Reached skill level 5 in Poison Magic
  4986 | D:4      | Noticed Natasha
  5223 | D:4      | Killed Natasha
  5224 | D:4      | Reached skill level 5 in Stealth
  5684 | D:5      | Entered Level 5 of the Dungeon
  5966 | D:5      | Found a staircase to the Ecumenical Temple.
  5971 | Temple   | Entered the Ecumenical Temple
  6294 | Temple   | Became a worshipper of Vehumet
  6695 | D:5      | Noticed Prince Ribbit
  6709 | D:5      | Killed Prince Ribbit
  6710 | D:5      | Reached XP level 8. HP: 35/46 MP: 3/13
  6803 | D:5      | Reached skill level 6 in Stealth
  6876 | D:5      | Found a broken altar of Ashenzari.
  7260 | D:5      | Found a glowing silver altar of Zin.
  7374 | D:5      | Found a blossoming altar of Fedhas.
  8541 | D:6      | Reached skill level 7 in Stealth
  8541 | D:6      | Reached XP level 9. HP: 39/51 MP: 9/15
  8717 | D:6      | Reached skill level 5 in Dodging
  8974 | D:6      | Learned a level 3 spell: Spider Form
  8979 | D:6      | Learned a level 4 spell: Summon Ice Beast
  9244 | D:6      | Reached skill level 1 in Summonings
  9656 | D:6      | Found a bloodstained altar of Trog.
  9657 | D:6      | Found a hazy altar of Hepliaklqana.
 10232 | D:7      | Reached skill level 1 in Fighting
 10256 | D:7      | Reached skill level 5 in Spellcasting
 10261 | D:7      | Reached skill level 8 in Stealth
 10747 | D:7      | Noticed a two-headed ogre
 10751 | D:7      | Reached * piety under Vehumet
 10751 | D:7      | Offered knowledge of Shock by Vehumet.
 10777 | D:7      | Killed a two-headed ogre
 10778 | D:7      | Reached XP level 10. HP: 28/63 MP: 7/18
 11164 | D:7      | Noticed a manticore
 11182 | D:7      | Killed a manticore
 11530 | D:8      | Reached skill level 9 in Stealth
 11711 | D:8      | Reached skill level 5 in Summonings
 12539 | D:8      | Offered knowledge of Freeze by Vehumet.
 12563 | D:8      | Reached ** piety under Vehumet
 12809 | D:8      | Noticed a two-headed ogre
 12814 | D:8      | Noticed Maurice
 12819 | D:8      | Killed a two-headed ogre
 12849 | D:9      | Found Fessaidd's Book Boutique.
 13083 | D:8      | Killed Maurice
 14132 | D:9      | Reached skill level 1 in Ice Magic
 14231 | D:9      | Found Ethuataf's Assorted Antiques.
 14301 | D:9      | Reached skill level 10 in Stealth
 14301 | D:9      | Reached XP level 11. HP: 68/70 MP: 10/20
 14409 | D:9      | Found a transporter.
 14411 | D:9      | Found a corrupted altar of Lugonu.
 14411 | D:9      | Noticed a cyan ugly thing
 14412 | D:9      | Noticed a brown ugly thing
 14508 | D:9      | Noticed a white ugly thing
 14510 | D:9      | Found a transporter.
 14588 | D:9      | Noticed a two-headed ogre
 14607 | D:9      | Killed a two-headed ogre
 14614 | D:9      | Offered knowledge of Stone Arrow by Vehumet.
 15040 | D:9      | Found Xicatt's Distillery.
 15048 | D:9      | Bought 2 potions of heal wounds for 170 gold pieces
 15114 | D:9      | Found a staircase to the Lair.
 15260 | D:10     | Entered Level 10 of the Dungeon
 15274 | D:9      | Reached skill level 5 in Fighting
 15837 | D:10     | Reached *** piety under Vehumet
 15850 | D:10     | Identified a scroll of acquirement
 15851 | D:10     | Acquired 661 gold pieces
 15874 | D:9      | Bought a +4 ring of evasion for 900 gold pieces
 16639 | D:11     | Noticed a five-headed hydra
 16663 | D:11     | Noticed a two-headed ogre
 16674 | D:11     | Killed a two-headed ogre
 16706 | D:11     | Noticed a wolf spider
 16722 | D:11     | Killed a wolf spider
 16793 | D:11     | Killed a five-headed hydra
 16868 | D:11     | Noticed an eight-headed hydra
 16885 | D:11     | Killed an eight-headed hydra
 16886 | D:11     | Reached skill level 11 in Stealth
 17211 | D:11     | Reached skill level 10 in Poison Magic
 17420 | D:11     | Offered knowledge of Conjure Flame by Vehumet.
 17589 | D:11     | Noticed a cyclops
 17604 | D:11     | Killed a cyclops
 17649 | D:11     | Noticed a manticore
 17672 | D:11     | Killed a manticore
 17673 | D:11     | Reached XP level 12. HP: 74/79 MP: 10/23
 17752 | D:11     | Noticed a two-headed ogre
 17760 | D:11     | Killed a two-headed ogre
 18163 | D:11     | Noticed a boulder beetle
 18766 | D:11     | Reached skill level 12 in Stealth
 18834 | D:11     | Killed a boulder beetle
 19129 | D:12     | Noticed an eight-headed hydra
 19469 | D:12     | Killed an eight-headed hydra
 20116 | D:12     | Found Onnov's Distillery.
 20118 | D:12     | Noticed a boulder beetle
 20587 | D:12     | Killed a boulder beetle
 20800 | D:12     | Found a staircase to the Orcish Mines.
 20947 | D:12     | Reached **** piety under Vehumet
 21163 | Lair:1   | Entered Level 1 of the Lair of Beasts
 21163 | Lair:1   | Noticed Urug
 21670 | D:9      | Reached skill level 1 in Shields
 21691 | D:9      | Killed Urug
 22023 | Lair:1   | Noticed Maggie
 22062 | Lair:1   | Killed Maggie
 22823 | Lair:2   | Reached XP level 13. HP: 69/87 MP: 22/25
 22981 | Lair:2   | Reached skill level 13 in Stealth
 23022 | Lair:2   | Offered knowledge of Ignite Poison by Vehumet.
 23397 | Lair:2   | Found a bloodstained altar of Trog.
 23397 | Lair:2   | Noticed oldnick's ghost (journeyman DsAK)
 23464 | Lair:2   | Found a transporter.
 23465 | Lair:2   | Found a transporter.
 23770 | Lair:2   | Found a staircase to the Snake Pit.
 23810 | Lair:2   | Found a sacrificial altar of Ru.
 23851 | Lair:2   | Reached skill level 5 in Ice Magic
 24914 | D:9      | Acquired the +0 buckler "Tuenyx" {rPois rC+}
 25421 | Lair:3   | Noticed Ethylacetat's ghost (journeyman NaIE)
 25421 | Lair:3   | Found a large runed translucent door.
 25421 | Lair:3   | Found a large runed translucent door.
 25773 | Lair:3   | Learned a level 3 spell: Swiftness
 26526 | Lair:3   | Noticed Fannar
 26542 | Lair:3   | Killed Fannar
 26781 | Lair:4   | Found a staircase to the Shoals.
 26826 | Lair:4   | Reached skill level 5 in Shields
 27916 | Lair:4   | Reached skill level 14 in Stealth
 28923 | Lair:5   | Found a staircase to the Slime Pits.
 28924 | Lair:5   | Found a viscous altar of Jiyva.
 28949 | Lair:5   | Reached skill level 10 in Summonings
 28949 | Lair:5   | Reached XP level 14. HP: 28/95 MP: 24/27
 29315 | Lair:5   | Acquired the ring "Xenal" {Drain rElec rN+ Int+4 SInv}
 29825 | Lair:6   | Entered Level 6 of the Lair of Beasts
 29825 | Lair:6   | Found a gate leading to a gauntlet.
 30080 | Gauntlet | Entered a Gauntlet
 30080 | Gauntlet | Found a transporter.
 30088 | Gauntlet | Found a transporter.
 30090 | Gauntlet | Found a transporter.
 30091 | Gauntlet | Found a transporter.
 30102 | Gauntlet | Found a transporter.
 30103 | Gauntlet | Found a transporter.
 30104 | Gauntlet | Found a transporter.
 30112 | Gauntlet | Found a transporter.
 30114 | Gauntlet | Found a transporter.
 30115 | Gauntlet | Found a transporter.
 30123 | Gauntlet | Found a transporter.
 30126 | Gauntlet | Found a transporter.
 30127 | Gauntlet | Found a transporter.
 30133 | Gauntlet | Found a runed translucent gate.
 30133 | Gauntlet | Found a runed translucent gate.
 30133 | Gauntlet | Found a runed translucent gate.
 30135 | Gauntlet | Found a transporter.
 30272 | Gauntlet | Reached ***** piety under Vehumet
 30324 | Gauntlet | Offered knowledge of Lightning Bolt by Vehumet.
 30332 | Gauntlet | Learned a level 5 spell: Lightning Bolt
 30613 | Gauntlet | Identified the ring "Natir" {rF++ Int+8 Dex-3 SInv}
 30884 | Gauntlet | Identified the +1 hat of Words of Power {rF+ Dex+5}
 30885 | Gauntlet | Got the Papyrus of Intimidation
 31387 | Lair:5   | Reached skill level 15 in Stealth
 31387 | Lair:5   | Reached skill level 10 in Spellcasting
 32857 | Lair:6   | Reached skill level 10 in Fighting
 33099 | Lair:6   | Identified the amulet of the Omega Point {Regen+ SInv}
 33492 | Lair:6   | Offered knowledge of Lee's Rapid Deconstruction by Vehumet.
 33954 | Snake:1  | Entered Level 1 of the Snake Pit
 34314 | D:13     | Learned a level 5 spell: Summon Mana Viper
 34548 | D:13     | Reached XP level 15. HP: 101/105 MP: 20/29
 34700 | D:13     | Found a gate to the Vaults.
 35743 | D:14     | Noticed an orc warlord
 36094 | D:14     | Killed an orc warlord
 36509 | D:14     | Gained mutation: You are clumsy. (Dex -2) [a neqoxec]
 36517 | D:14     | Reached skill level 5 in Conjurations
 36880 | Orc:1    | Entered Level 1 of the Orcish Mines
 37067 | Orc:1    | Noticed an orc warlord
 37188 | Orc:1    | Killed an orc warlord
 37382 | Orc:1    | Offered knowledge of Fireball by Vehumet.
 37712 | Orc:2    | Entered Level 2 of the Orcish Mines
 37870 | Orc:2    | Noticed Rupert
 37924 | Orc:2    | Killed Rupert
 37925 | Orc:2    | Reached skill level 5 in Air Magic
 38239 | Orc:2    | Found Exkaasie's Book Boutique.
 38239 | Orc:2    | Found Tedax's Assorted Antiques.
 38248 | Orc:2    | Found Zierelio's Assorted Antiques.
 38248 | Orc:2    | Found Goruj's Antique Weapon Shoppe.
 38260 | Orc:2    | Learned a level 5 spell: Fireball
 38475 | Orc:2    | Noticed Josephine
 38486 | Orc:2    | Killed Josephine
 38623 | Orc:2    | Found a staircase to the Elven Halls.
 38924 | Elf:1    | Entered Level 1 of the Elven Halls
 39065 | Elf:1    | Noticed a deep elf sorcerer
 39080 | Elf:1    | Killed a deep elf sorcerer
 39081 | Elf:1    | Reached skill level 1 in Fire Magic
 39081 | Elf:1    | Reached XP level 16. HP: 113/113 MP: 20/31
 39132 | Elf:1    | HP: 1/113 [deep elf zephyrmancer/bolt of lightning (10)]
 39405 | Snake:1  | Noticed a nagaraja
 39442 | Snake:1  | Noticed a nagaraja
 39451 | Lair:2   | HP: 5/113 [constriction (3)]
 39452 | Lair:2   | Demolished by a nagaraja

Illustrated notes

Levels and vault maps discovered:
D:1:      amcnicky_arrival_choice, layout_loops_cross,
          shapermc_ecumenical_altar_hornbeckon, serial_glass, glass_columns_b,
          glass_columns_c, minmay_strange_pillars, feat_on_display
D:2:      layout_basic, serial_undead, serial_undead_a, serial_undead_c,
          serial_undead_d, serial_undead_b, serial_undead_d, serial_undead_a,
          serial_undead_e, serial_undead_f, serial_undead_a, serial_undead_d
D:3:      minmay_angry_zag, layout_basic, overflow_temple_1_default,
          minmay_misc_feat_roman
D:4:      layout_loops_ring, grunt_gozag_breadcrumbs,
          mainiacjoe_overflow_24_doors, cheibrodos_sewer_entry_bend,
          uniq_natasha, uniq_menkaure
D:5:      layout_loops_corners, zin_statuary,
          mainiacjoe_overflow_concentric_impassable, marbit_many_paths,
          temple_doors_ab, nicolae_ossuary_entry_monument,
          kennysheep_generic_room_2, uniq_prince_ribbit1
D:6:      nicolae_cairo_tiling_very_big, layout_basic,
          mainiacjoe_overflow_divided_tiny, chequers_serial_rivers_micro_e
D:7:      minmay_cornered_nines, layout_cave_pods, kennysheep_cross_room
D:8:      layout_basic, minivault_14, uniq_maurice
D:9:      gammafunk_corrupted_shrine, layout_loops_ring, david_lair_shrubbed,
          serial_shops, shop, nicolae_shop_crystal, nicolae_stop_n_shop_2
D:10:     layout_loops_ring
D:11:     wad_arrow_thing, layout_basic
D:12:     layout_cave_pools, david_orc_3, serial_shops, nicolae_shop_trees
D:13:     layout_long_grid, skrybe_vaults_entry_preservation
D:14:     orc_temple, layout_cave_pools, hangedman_decor_points
Temple:   eino_narrow_crystal_temple
Lair:1:   layout_cave_shapes, grunt_megastairs_5, uniq_urug, uniq_maggie
Lair:2:   lemuel_slime, layout_chaotic_city, guppyfry_snake_entry_island,
          gammafunk_ghost_wrathful_warriors, basic_altar
Lair:3:   layout_chaotic_city, ebering_ghost_disaster_area,
          nicolae_lair_grazing_beasts [nicolae_sub_lair_graze_edge,
          nicolae_sub_lair_graze_edge, nicolae_sub_lair_graze_edge,
          nicolae_sub_lair_graze_edge], uniq_fannar
Lair:4:   layout_cave_pods, elwin_shoals_entry_stream
Lair:5:   layout_small_grid, slime_altar_1, cheibrodos_lair_reptile_den
Lair:6:   minmay_lair_end_enchanted_forest, layout_gridlike,
          gauntlet_entry_generic, chequers_serial_rivers_micro_b,
          lemuel_fruit_fields, grunt_megastairs_2
Snake:1:  layout_chambers, hangedman_snake_sidewinding, serial_bayou_shore_b,
          serial_bayou_shore_a, grunt_megastairs_4
Orc:1:    layout_caves, nicolae_orc_lava_tube
Orc:2:    grunt_orc_tribal_feast, layout_caves, nicolae_orc_crystal_geode,
          uniq_josephine, uniq_rupert
Elf:1:    elf_arrival_002, layout_onion_city, hangedman_elf_disciples,
          serial_sigils_hangedman_shear, lemuel_upstairs_altar

Skill      XL: |  1  2  3  4  5  6  7  8  9 10 11 12 13 14 15 16 |
---------------+-------------------------------------------------+-----
Stealth        | 3 4 5 7 8 10 11 12 14 15 | 15.8
Poison Magic   | 4 5 6 7 9 10 | 10.7
Transmutations | 2 3 4 |  4.7
Air Magic      | 1 2 5 6 |  6.0
Conjurations   | 1 2 3 6 |  6.2
Dodging        | 3 4 5 6 8 |  8.0
Spellcasting   | 3 4 5 6 7 8 9 10 11 | 11.6
Summonings     | 4 6 7 8 10 11 | 11.2
Fighting       | 3 4 6 7 8 10 11 | 11.5
Ice Magic      | 1 3 4 6 |  6.0
Shields        | 2 5 |  5.0
Fire Magic     | 1 |  1.6

Action                   |  1- 3 |  4- 6 |  7- 9 | 10-12 | 13-15 | 16-18 || total
-------------------------+-------+-------+-------+-------+-------+-------++-------
Melee: Mace              |    16 |       |       |       |       |       ||    16
       Tentacles         |     7 |    16 |    28 |   115 |   298 |     8 ||   472
       Constrict         |     8 |    29 |    18 |    59 |   149 |     3 ||   266
       Short sword       |    32 |    58 |       |       |       |       ||    90
       Whip              |       |    31 |   100 |   372 |   825 |    24 ||  1352
       Punch             |       |       |     3 |     4 |    31 |     1 ||    39
       Unarmed           |       |       |    24 |    16 |       |       ||    40
 Cast: Sting             |    39 |    53 |   116 |   228 |   172 |     1 ||   609
       Mephitic Cloud    |       |     2 |     6 |    72 |   104 |     2 ||   186
       Spider Form       |       |       |     1 |     1 |       |       ||     2
       Summon Ice Beast  |       |       |       |    54 |   176 |     7 ||   237
       Summon Mana Viper |       |       |       |       |    27 |     3 ||    30
       Lightning Bolt    |       |       |       |       |     4 |       ||     4
Evoke: Wand              |       |       |       |     4 |     9 |       ||    13
       Lightning rod     |       |       |       |       |     1 |       ||     1
  Use: Scroll            |       |     1 |     4 |    14 |    10 |     2 ||    31
       Potion            |       |       |     3 |       |     3 |     2 ||     8
 Stab: Sleeping          |     4 |     8 |     6 |     6 |     7 |       ||    31
       Distracted        |       |     1 |       |     6 |     9 |       ||    16
       Confused          |       |       |     2 |    24 |    46 |     2 ||    74
Armor: Skin              |     4 |     6 |     7 |    55 |   154 |     4 ||   230
Dodge: Dodged            |    45 |    55 |   126 |   515 |   980 |    43 ||  1764
Block: Buckler           |       |       |       |    20 |   236 |    11 ||   267
